 Dungeon Crawl Stone Soup version 0.23-a0-143-g1adec7b (webtiles) character file.

291 tatocazan the Spear-Bearer (level 6, -5/49 HPs)
             Began as a Merfolk Gladiator on Sept 4, 2018.
             Slain by an orc
             ... wielding a +0 mace
              (8 damage)
             ... on level 3 of the Dungeon.
             The game lasted 00:08:29 (4120 turns).

tatocazan the Spear-Bearer (Merfolk Gladiator)      Turns: 4120, Time: 00:08:30

Health: -5/49      AC:  4    Str: 14    XL:     6   Next: 32%
Magic:  6/6        EV: 11    Int:  7    God:
Gold:   196        SH:  7    Dex: 18    Spells: 5/5 levels left

rFire    . . .     SeeInvis .   a - +0 trident
rCold    . . .     Gourm    .   e - +0 shield
rNeg     . . .     Faith    .   b - +0 leather armour
rPois    .         Spirit   .   c - +0 helmet
rElec    .         Reflect  .   (no cloak)
rCorr    .         Harm     .   (no gloves)
MR       .....                  (no boots)
Stlth    +.........             (no amulet)
HPRegen  0.16/turn              (no ring)
MPRegen  0.10/turn              (no ring)

@: no status effects
A: change form in water, swift swim, stealthy swim
a: no special abilities


You were on level 3 of the Dungeon.
You were hungry.

You visited 1 branch of the dungeon, and saw 4 of its levels.

You collected 196 gold pieces.

Inventory:

Hand Weapons
 a - a +0 trident (weapon)
Missiles
 d - 3 throwing nets (quivered)
Armour
 b - a +0 leather armour (worn)
 c - a +0 helmet (worn)
 e - a +0 shield (worn)
Jewellery
 m - an uncursed ring of poison resistance {unknown}
Wands
 g - a wand of flame (32)
Scrolls
 h - a scroll of noise {unknown}
 l - 3 scrolls of identify {unknown}
 o - a scroll of remove curse {unknown}
Potions
 j - a potion of heal wounds
 k - a potion of degeneration {unknown}
 n - a potion of berserk rage {unknown}
Comestibles
 f - 10 rations


   Skills:
 + Level 4.3 Fighting
 * Level 8.5 Polearms
 - Level 2.0 Throwing
 - Level 4.0 Dodging


You had 5 spell levels left.
You didn't know any spells.
Your spell library was empty.

Dungeon Overview and Level Annotations

Branches:
Dungeon (4/15)
 Temple: D:4-7

Altars:
Trog
Wu Jian
The Shining One


Message History

* * * LOW HITPOINT WARNING * * *
The orc hits you with a mace!
* * * LOW HITPOINT WARNING * * *
You take 9 damage, and have 7/49 hp.
You closely miss the orc. You block the orc's attack.
The orc completely misses you.
You puncture the orc!
You kill the orc!
The orc hits you with a mace.
* * * LOW HITPOINT WARNING * * *
Things that are here:
a trident; a chain mail; an orc corpse You take 4 damage, and have 3/49 hp.
You hit the orc.
The orc is heavily wounded.
The orc barely misses you.
You closely miss the orc.
The orc is heavily wounded.
The orc hits you with a mace!
You die...

##.....#(<)................##)###
#...........(###........##.#.....
.................................
.................................
............................#.##.
..............>..#####.###..#.##.
........(....)......##.####.#.##.
.........(.......)..##........##.
................@>).######.......
..........)...#..o...# ##....#.
.......#.....##......## ####.#.
#.#########.###.......## #....
..# ###....# ###......######.#..
######...#### #.####........##.
#......### #.# ##...######.
..###############.####..#....###.
.........................###..#..


You could see an orc.

Vanquished Creatures
  2 orc priests (D:3)
  An orc wizard (D:3)
  A gnoll (D:3)
  9 adders
  2 dart slugs
  3 worms
  5 leopard geckos
  8 orcs
  11 bats
  8 giant cockroaches
  8 goblins
  10 hobgoblins
  4 jackals (D:3)
  A quokka (D:3)
  3 ball pythons
  6 frilled lizards
  5 kobolds
  8 rats
95 creatures vanquished.

Notes
Turn   | Place    | Note
-------+----------+-------------------------------------------
     0 | D:1      | tatocazan the Merfolk Gladiator began the quest for the
                  | Orb.
     0 | D:1      | Reached XP level 1. HP: 16/16 MP: 1/1
   337 | D:1      | Reached XP level 2. HP: 23/23 MP: 2/2
   340 | D:1      | Reached skill level 5 in Polearms
   576 | D:1      | Reached XP level 3. HP: 27/28 MP: 3/3
  1129 | D:2      | Reached skill level 6 in Polearms
  1154 | D:2      | Reached XP level 4. HP: 35/35 MP: 4/4
  1160 | D:2      | Found a glowing golden altar of the Shining One.
  1200 | D:2      | Found a bloodstained altar of Trog.
  1758 | D:2      | Found an ornate altar of the Wu Jian Council.
  1925 | D:2      | Reached skill level 7 in Polearms
  2330 | D:3      | Reached XP level 5. HP: 41/41 MP: 5/5
  3704 | D:3      | Reached skill level 8 in Polearms
  3810 | D:3      | Reached XP level 6. HP: 28/48 MP: 6/6
  4120 | D:3      | Slain by an orc

Vault maps used:
D:1:      lightli_arrival_maybe_door_vault, st_stairs_11,
          minmay_misc_feat_more_columns
D:2:      bloody_trog, marbit_many_paths, first_ration,
          nicolae_tso_carved_into_rock
D:3:      kennysheep_generic_room_4
D:4:      lemuel_crystal_altar, serial_shops, nicolae_shop_crystal, uniq_natasha

Skill      XL: |  1  2  3  4  5 |
---------------+----------------+-----
Polearms       | 5 6 7 8 |  8.5
Fighting       | 3 4 |  4.3
Throwing       | |  2.0
Dodging        | |  4.0

Action                   |  1- 3 |  4- 6 || total
-------------------------+-------+-------++-------
Melee: Trident           |    89 |   261 ||   350
       Tailslap          |       |     3 ||     3
  Use: Potion            |       |     1 ||     1
 Stab: Sleeping          |       |     3 ||     3
       Distracted        |       |     1 ||     1
  Eat: Chunk             |     1 |     9 ||    10
Armor: Leather armour    |    15 |    62 ||    77
Dodge: Dodged            |    34 |   138 ||   172
Block: Shield            |    17 |    93 ||   110

Table legend:
 A = Non-vault XP
 B = Vault XP
 C = Vault XP percentage of total XP
 D = Non-vault monster count
 E = Vault monster count
 F = Vault count percentage of total count
                 A         B        C        D         E       F
            +---------+---------+-------+---------+---------+-------
      Total |     406 |      10 |   2.4 |      89 |       6 |   6.3
            +---------+---------+-------+---------+---------+-------
        D:1 |      29 |       7 |  19.4 |      17 |       4 |  19.0
        D:2 |     147 |       1 |   0.7 |      35 |       1 |   2.8
        D:3 |     230 |       2 |   0.9 |      37 |       1 |   2.6
            +---------+---------+-------+---------+---------+-------
